[Event "Titled Tuesday Blitz July 18 Late 2023"]
[White "Mikhalsky, Vladimir"]
[Black "Tikhonov, Viacheslav"]
[WhiteFideId "14144352"]
[BlackFideId "44196407"]
[WhiteElo "2397"]
[BlackElo "2521"]
[Result "0-1"]
[Round "11"]
[TimeControl "180+2"]
[Date "2023.07.18"]
[WhiteClock "0:00:13"]
[BlackClock "0:01:41"]
[Board "70"]

1. d4 d5 2. c4 e6 3. Nf3 Nf6 4. g3 Be7 5. Bg2 O-O 6. O-O dxc4 7. Qc2 c6 8. a4 b6 9. Qxc4 Bb7 10. Ne5 Qc7 11. Bf4 Bd6 12. Nc3 Nd5 13. Nxd5 exd5 14. Qc2 Nd7 15. Bxd5 Nxe5 16. Bxe5 Bxe5 17. dxe5 Qxe5 18. Be4 g6 19. b4 Rfe8 20. Bf3 Qe7 21. a5 c5 22. Bxb7 Qxb7 23. axb6 axb6 24. bxc5 bxc5 25. Rxa8 Qxa8 26. e3 Qc6 27. Rd1 h5 28. Qc4 Rc8 29. h4 Qf6 30. Rd5 Qa1+ 31. Kg2 Qa8 32. Kh2 Qc6 33. Re5 Qf3 34. Kg1 Rd8 35. Qe4 Rd1+ 36. Kh2 Rh1# 0-1


[Site "https://www.chess.com"]

[Event "Titled Tuesday Blitz July 18 Late 2023"]
[White "Kanyamarala, Trisha"]
[Black "Goffredo_Fofi"]
[WhiteFideId "45004722"]
[WhiteElo "2361"]
[BlackElo "2511"]
[Result "1-0"]
[Round "11"]
[TimeControl "180+2"]
[Date "2023.07.18"]
[WhiteClock "0:00:56"]
[BlackClock "0:00:06"]
[Board "71"]

1. c4 g6 2. Nc3 Bg7 3. g3 d6 4. Bg2 Nc6 5. Nf3 e5 6. O-O f5 7. d4 Nxd4 8. Nxd4 exd4 9. Nb5 c5 10. e3 a6 11. Na3 Ne7 12. exd4 Bxd4 13. Nc2 Be5 14. Bh6 Kf7 15. Re1 Re8 16. Bg5 Qd7 17. Rb1 Nc6 18. Bd5+ Kg7 19. Qd2 Nd4 20. Nxd4 Bxd4 21. Rxe8 Qxe8 22. Re1 Qa4 23. Re7+ Kf8 24. Rxh7 Bd7 25. Be7+ Ke8 26. Bxd6 Bc6 27. Qe2+ Kd8 28. Qe7+ Kc8 29. Qc7# 1-0


[Site "https://www.chess.com"]

[Event "Titled Tuesday Blitz July 18 Late 2023"]
[White "Topalov, Aleksandar"]
[Black "D`Arruda, Ricardo D."]
[WhiteFideId "925659"]
[BlackFideId "100692"]
[WhiteElo "2379"]
[BlackElo "2504"]
[Result "0-1"]
[Round "11"]
[TimeControl "180+2"]
[Date "2023.07.18"]
[WhiteClock "0:00:00"]
[BlackClock "0:00:32"]
[Board "72"]

1. b3 e5 2. Bb2 Nc6 3. c4 Nf6 4. e3 d6 5. Nf3 Be7 6. d4 exd4 7. Nxd4 O-O 8. Nc3 Bd7 9. Be2 Re8 10. Bf3 Bf8 11. O-O Rb8 12. Qd2 Ne5 13. Rad1 Nxf3+ 14. gxf3 Bh3 15. Rfe1 Ne4 16. Nxe4 Rxe4 17. Kh1 Rh4 18. Rg1 Qf6 19. Rg3 Qh6 20. Rdg1 Bd7 21. R1g2 c5 22. Ne2 g6 23. Qc3 Bg7 24. Qd2 Bc6 25. Bxg7 Qxg7 26. Qxd6 Re8 27. Qxc5 Qa1+ 28. Rg1 Qxa2 29. Qg5 Qxe2 30. Qxh4 Bxf3+ 31. Rxf3 Qxf3+ 32. Rg2 Qd1+ 33. Rg1 Qxb3 34. Qd4 b6 35. Ra1 Qc2 36. Kg2 Re4 37. Qd8+ Kg7 38. Rxa7 Qxc4 39. Ra8 Rg4+ 40. Kf3 Qe4+ 41. Ke2 Qc2+ 42. Kf3 Qf5+ 43. Ke2 Kh6 44. Qf8+ Kh5 45. Re8 Rg2 46. Qe7 Rxf2+ 47. Kd1 Qc2+ 0-1


[Site "https://www.chess.com"]

[Event "Titled Tuesday Blitz July 18 Late 2023"]
[White "Kostiukov, Alexandr"]
[Black "Berezin, Viktor"]
[WhiteFideId "14108100"]
[BlackFideId "14107872"]
[WhiteElo "2358"]
[BlackElo "2501"]
[Result "0-1"]
[Round "11"]
[TimeControl "180+2"]
[Date "2023.07.18"]
[WhiteClock "0:00:00"]
[BlackClock "0:01:04"]
[Board "73"]

1. g3 g6 2. Bg2 Bg7 3. Nf3 Nf6 4. c4 O-O 5. O-O d6 6. d4 Nc6 7. Nc3 a6 8. Bf4 Rb8 9. Rc1 h6 10. h3 Bd7 11. e4 Nh5 12. Be3 e5 13. d5 Ne7 14. Nd2 f5 15. exf5 Nxf5 16. Qe2 Nf6 17. Nde4 Qe7 18. Nxf6+ Qxf6 19. Ne4 Qe7 20. c5 Bb5 21. cxd6 cxd6 22. Qg4 Bxf1 23. Bxf1 Nxe3 24. fxe3 Qf7 25. Bd3 g5 26. b3 Kh8 27. Kh1 Qxd5 28. Bc4 Qc6 29. Kg1 d5 0-1


[Site "https://www.chess.com"]

[Event "Titled Tuesday Blitz July 18 Late 2023"]
[White "Cooper, Aaron"]
[Black "Korkmaz, Necmettin"]
[WhiteFideId "2634945"]
[BlackFideId "6303285"]
[WhiteElo "2302"]
[BlackElo "2474"]
[Result "0-1"]
[Round "11"]
[TimeControl "180+2"]
[Date "2023.07.18"]
[WhiteClock "0:00:00"]
[BlackClock "0:00:24"]
[Board "74"]

1. b4 e5 2. Bb2 Bxb4 3. Bxe5 Nf6 4. c3 Be7 5. e3 Nc6 6. Bxf6 Bxf6 7. d4 O-O 8. Nf3 d5 9. Bd3 Re8 10. O-O Bg4 11. Nbd2 Ne7 12. Rb1 Rb8 13. Qc2 Ng6 14. h3 Bd7 15. c4 dxc4 16. Nxc4 Bc6 17. Ncd2 Qd6 18. Rfc1 Rbd8 19. Ne4 Bxe4 20. Bxe4 b6 21. Bxg6 hxg6 22. Qxc7 Qa3 23. Qc4 Rc8 24. Qxc8 Rxc8 25. Rxc8+ Kh7 26. Rc2 Qa4 27. Rbc1 b5 28. d5 b4 29. d6 a5 30. Rc7 Qxa2 31. h4 b3 32. Rb7 b2 33. Rd1 Qa4 34. Rb1 Qc2 35. R1xb2 Bxb2 36. d7 Bf6 37. Ng5+ Kh6 38. Nxf7+ Kh5 39. g3 Qc1+ 40. Kh2 Qc6 41. Ra7 Qf3 42. Rxa5+ g5 43. Ra4 Qxf2+ 44. Kh1 Qe1+ 45. Kh2 Qd2+ 46. Kh3 g4+ 47. Rxg4 Qxd7 48. Ng5 Qxg4+ 0-1


[Site "https://www.chess.com"]

[Event "Titled Tuesday Blitz July 18 Late 2023"]
[White "Osmonbekov, Talaibek"]
[Black "Tomaszewski, Kacper"]
[WhiteFideId "2017253"]
[BlackFideId "1127373"]
[WhiteElo "2210"]
[BlackElo "2461"]
[Result "0-1"]
[Round "11"]
[TimeControl "180+2"]
[Date "2023.07.18"]
[WhiteClock "0:00:00"]
[BlackClock "0:00:13"]
[Board "75"]

1. d4 d6 2. Nc3 Nf6 3. e4 e5 4. dxe5 dxe5 5. Qxd8+ Kxd8 6. f4 Nc6 7. Nf3 Bd6 8. f5 Nd4 9. Bd3 c5 10. Bg5 c4 11. Bxc4 Nxc2+ 12. Ke2 Nxa1 13. Rxa1 Be7 14. Nxe5 Ke8 15. Bxf7+ Kf8 16. Bb3 Nd7 17. Nf7 Bxg5 18. Nxg5 Nc5 19. Rd1 Bd7 20. Bc2 h6 21. Nf3 Bc6 22. e5 Re8 23. b4 Nd7 24. e6 Bxf3+ 25. Kxf3 Nf6 26. g4 g6 27. Ne4 Nxe4 28. Bxe4 h5 29. Rd7 hxg4+ 30. Kxg4 gxf5+ 31. Bxf5 Rxh2 32. Rxb7 Re7 33. Rb8+ Kg7 34. a4 Kf6 35. Rf8+ Ke5 36. Rf7 Re8 0-1


[Site "https://www.chess.com"]

[Event "Titled Tuesday Blitz July 18 Late 2023"]
[White "Izuzquiza Gonzalez, Javier"]
[Black "Villarreal, Agustin"]
[WhiteFideId "3101029"]
[BlackFideId "125687"]
[WhiteElo "2290"]
[BlackElo "2405"]
[Result "1-0"]
[Round "11"]
[TimeControl "180+2"]
[Date "2023.07.18"]
[WhiteClock "0:01:26"]
[BlackClock "0:00:48"]
[Board "76"]

1. d4 Nf6 2. c4 e6 3. Nf3 d5 4. g3 dxc4 5. Bg2 c5 6. O-O Nc6 7. Ne5 Bd7 8. Na3 cxd4 9. Naxc4 Be7 10. Bf4 Rc8 11. Rc1 Nd5 12. Nxc6 Bxc6 13. Qxd4 Nxf4 14. Qxf4 Bxg2 15. Kxg2 O-O 16. Rfd1 Qc7 17. Qe3 b5 18. Ne5 Qb7+ 19. Kg1 Rfd8 20. Qf4 Bf6 21. Ng4 Bxb2 22. Rb1 Rxd1+ 23. Rxd1 b4 24. Qg5 Kh8 25. Rd8+ 1-0


[Site "https://www.chess.com"]

[Event "Titled Tuesday Blitz July 18 Late 2023"]
[White "Seletsky, Grigory"]
[Black "Mazurkiewicz, Michal"]
[WhiteFideId "14112191"]
[BlackFideId "1124943"]
[WhiteElo "2470"]
[BlackElo "2400"]
[Result "1-0"]
[Round "11"]
[TimeControl "180+2"]
[Date "2023.07.18"]
[WhiteClock "0:00:03"]
[BlackClock "0:00:06"]
[Board "77"]

1. a3 Nf6 2. c4 g6 3. Nc3 Bg7 4. e4 d6 5. d4 O-O 6. f3 e5 7. d5 a5 8. Be3 Na6 9. Bd3 Nd7 10. Nge2 Ndc5 11. Bc2 f5 12. Qd2 Bd7 13. b3 Rb8 14. Rb1 b5 15. cxb5 Bxb5 16. Nxb5 Rxb5 17. Nc3 Rb8 18. O-O Qh4 19. a4 Nb4 20. h3 Nxc2 21. Qxc2 Bh6 22. Bxh6 Qxh6 23. Rfe1 Rb4 24. Nb5 fxe4 25. fxe4 Qf4 26. Nxc7 Rxe4 27. Rxe4 Nxe4 28. Qd3 Nf2 29. Qc3 Ne4 30. Qd3 Ng5 31. Rf1 Qxf1+ 32. Qxf1 Rxf1+ 33. Kxf1 Ne4 34. Ke2 Nc5 35. Nb5 Nxb3 36. Nxd6 Nc5 37. Nc4 Nxa4 38. Nxa5 Nc3+ 39. Kd3 Nxd5 40. Ke4 Nf4 41. g3 Nxh3 42. Kxe5 Kg7 43. Ke4 Ng5+ 44. Kf4 Ne6+ 45. Ke5 Ng5 46. Nc4 Nf7+ 47. Kf4 Kf6 48. Nd2 g5+ 49. Kf3 h5 50. Ne4+ Kf5 51. Nf2 Ne5+ 52. Kg2 g4 53. Kf1 Nc4 54. Ke2 Nd6 55. Ke3 Nc4+ 56. Kd4 Nd2 57. Nd1 Nf1 58. Ne3+ Nxe3 59. Kxe3 Ke5 60. Kd3 Kd5 61. Ke3 Ke5 62. Kd3 h4 63. gxh4 Kf4 64. Ke2 Kg3 65. h5 Kh2 66. h6 g3 67. h7 g2 68. h8=Q+ Kg1 69. Qd4+ Kh1 70. Qh4+ Kg1 71. Kf3 Kf1 72. Qf2# 1-0


[Site "https://www.chess.com"]

[Event "Titled Tuesday Blitz July 18 Late 2023"]
[White "Novikov, Evgenij"]
[Black "Luong Phuong Hanh"]
[WhiteFideId "4125380"]
[BlackFideId "12401013"]
[WhiteElo "2463"]
[BlackElo "2396"]
[Result "1-0"]
[Round "11"]
[TimeControl "180+2"]
[Date "2023.07.18"]
[WhiteClock "0:00:04"]
[BlackClock "0:00:26"]
[Board "78"]

1. e4 c5 2. Nc3 g6 3. d4 cxd4 4. Qxd4 Nf6 5. e5 Nc6 6. Qf4 Nh5 7. Qe4 d5 8. exd6 Qxd6 9. Bd2 Bf5 10. Qa4 Bg7 11. O-O-O O-O 12. g4 Bxc2 13. Qxc2 Nb4 14. Qb3 Nf4 15. Kb1 Nfd3 16. Be3 Qc6 17. Bxd3 Nxd3 18. Nge2 Rad8 19. h4 Qf3 20. h5 Qxg4 21. hxg6 hxg6 22. Rdg1 Qf5 23. Ka1 e6 24. Qa4 a5 25. Qh4 Rfe8 26. a3 Nxb2 27. Kxb2 Qb5+ 28. Kc1 Qb3 29. Bd4 Qxa3+ 30. Kc2 Rxd4 31. Nxd4 Rc8 32. Rh3 Rc4 33. Qd8+ Bf8 34. Rhg3 Qa4+ 35. Kd3 Rxc3+ 36. Kxc3 Qb4+ 37. Kd3 Qa3+ 38. Ke2 Qb2+ 39. Kf1 Qb1+ 40. Kg2 Qe4+ 41. Kh2 Qh4+ 42. Kg2 Qe4+ 43. Nf3 Kg7 44. Qxa5 Bd6 45. Qc3+ Kg8 46. Rh1 Kf8 47. Qc8+ Ke7 48. Rgh3 Qg4+ 49. Rg3 Bxg3 50. fxg3 Qe4 51. Qc7+ Kf6 52. Qf4+ Qxf4 53. gxf4 b5 54. Kg3 b4 55. Rb1 1-0


[Site "https://www.chess.com"]

[Event "Titled Tuesday Blitz July 18 Late 2023"]
[White "Boor, Carl"]
[Black "Reprintsev, Alexander"]
[WhiteFideId "2017008"]
[BlackFideId "14100541"]
[WhiteElo "2394"]
[BlackElo "2462"]
[Result "1-0"]
[Round "11"]
[TimeControl "180+2"]
[Date "2023.07.18"]
[WhiteClock "0:00:08"]
[BlackClock "0:00:00"]
[Board "79"]

1. e4 d5 2. Nc3 d4 3. Nce2 c5 4. Ng3 Qa5 5. Bc4 Nc6 6. Nf3 h5 7. h3 h4 8. Ne2 e6 9. O-O b5 10. Bd5 exd5 11. exd5 Nb4 12. c3 Nxd5 13. b4 Qc7 14. bxc5 d3 15. Ned4 Bxc5 16. Re1+ Nge7 17. a4 b4 18. cxb4 Bxd4 19. Nxd4 O-O 20. Bb2 Qf4 21. Qh5 g6 22. Qd1 Bd7 23. Qb3 Rad8 24. Qxd3 Bf5 25. Qb3 Kh7 26. d3 Ng8 27. Re3 Nxe3 28. Ne2 Qg5 29. fxe3 Bxh3 30. Nf4 Be6 31. Qc3 Nf6 32. Rf1 Rc8 33. Qd2 h3 34. Rf3 Rfd8 35. Qf2 Kg8 36. Rg3 Qh6 37. Nxe6 Nh5 38. Rxh3 Rc2 39. Qxc2 1-0


[Site "https://www.chess.com"]

[Event "Titled Tuesday Blitz July 18 Late 2023"]
[White "Michalczak, Thomas"]
[Black "Romero Ruscalleda, Josep"]
[WhiteFideId "4622634"]
[BlackFideId "2231859"]
[WhiteElo "2446"]
[BlackElo "2379"]
[Result "1-0"]
[Round "11"]
[TimeControl "180+2"]
[Date "2023.07.18"]
[WhiteClock "0:00:13"]
[BlackClock "0:00:08"]
[Board "80"]

1. e4 g6 2. d4 Bg7 3. Nc3 d6 4. Be3 a6 5. h4 h6 6. Qd2 b5 7. f3 Nd7 8. g4 Ngf6 9. Bg2 Bb7 10. g5 hxg5 11. hxg5 Rxh1 12. Bxh1 Nh5 13. O-O-O c5 14. Nge2 Qa5 15. Kb1 b4 16. Nd5 Bxd5 17. exd5 c4 18. c3 Rb8 19. Ka1 Qa4 20. f4 Nb6 21. cxb4 Nd7 22. a3 a5 23. Nc3 Qb3 24. b5 Nb6 25. Be4 Na4 26. Qc2 Nxc3 27. Qxb3 cxb3 28. bxc3 Rxb5 29. Kb2 a4 30. c4 Ra5 31. Rg1 Kd7 32. Bd3 Ke8 33. Kc3 Kf8 34. Kb4 Ra8 35. c5 Ke8 36. c6 Kd8 37. Bb5 Kc7 38. Bxa4 b2 39. Bb5 Ng3 40. Rb1 Nf5 41. Bf2 Nxd4 42. Rxb2 Nxb5 43. Re2 Nxa3 44. Rxe7+ Kd8 45. Rxf7 Nc2+ 46. Kb3 Bd4 47. Rf8+ Kc7 48. Rxa8 Na1+ 49. Rxa1 Bxa1 50. Kc4 Bg7 51. Bd4 Bf8 52. Bf6 Kb6 53. Kd4 Kc7 54. Ke4 Kb6 55. f5 gxf5+ 56. Kxf5 Kc5 57. Ke6 Kb6 58. g6 Kc7 59. g7 Bxg7 60. Bxg7 Kc8 61. Bf8 Kc7 62. Bxd6+ Kb6 63. Be5 Kb5 64. Kd7 1-0


[Site "https://www.chess.com"]

[Event "Titled Tuesday Blitz July 18 Late 2023"]
[White "Gaal, Zsoka"]
[Black "Gerbelli Neto, Eduardo"]
[WhiteFideId "777765"]
[BlackFideId "2103281"]
[WhiteElo "2438"]
[BlackElo "2378"]
[Result "1-0"]
[Round "11"]
[TimeControl "180+2"]
[Date "2023.07.18"]
[WhiteClock "0:01:06"]
[BlackClock "0:00:26"]
[Board "81"]

1. Nf3 Nf6 2. b3 c5 3. Bb2 d5 4. g3 Nc6 5. d4 e6 6. Bg2 cxd4 7. Nxd4 Be7 8. O-O O-O 9. c4 Nxd4 10. Qxd4 dxc4 11. Qxc4 Qa5 12. Nc3 Qb4 13. Qxb4 Bxb4 14. Rfd1 Rb8 15. a3 Be7 16. Rac1 Bd7 17. Ne4 Bb5 18. Rc7 Bd8 19. Nxf6+ gxf6 20. Rc2 e5 21. a4 Ba6 22. Rd7 Bb6 23. Bd5 Rbd8 24. Rxd8 Rxd8 25. e4 Ba5 26. Kg2 Bd3 27. Rc1 b6 28. f4 f5 29. Bxe5 Bxe4+ 30. Bxe4 fxe4 31. Bf6 Re8 32. Kf2 e3+ 33. Ke2 Bd2 34. Rc7 a6 35. Rb7 b5 36. axb5 axb5 37. Rxb5 h6 38. Rb7 Ra8 39. f5 Ra2 40. Rb8+ Kh7 41. Rh8# 1-0


[Site "https://www.chess.com"]

[Event "Titled Tuesday Blitz July 18 Late 2023"]
[White "Carrasco Miranda, Andres"]
[Black "ExchangeAB"]
[WhiteFideId "3405990"]
[WhiteElo "2419"]
[BlackElo "2368"]
[Result "1-0"]
[Round "11"]
[TimeControl "180+2"]
[Date "2023.07.18"]
[WhiteClock "0:00:49"]
[BlackClock "0:00:45"]
[Board "82"]

1. d4 Nf6 2. c4 c6 3. Nf3 d5 4. Qb3 dxc4 5. Qxc4 b5 6. Qc2 Bb7 7. Bg5 e6 8. e3 h6 9. Bh4 Be7 10. a4 O-O 11. Nbd2 a6 12. Bd3 Nbd7 13. O-O Re8 14. Ne4 Nxe4 15. Bxe7 Qxe7 16. Bxe4 Nf6 17. Bxc6 Rac8 18. axb5 axb5 19. Ne5 Qd6 20. Rfc1 Nd5 21. Bxe8 Rxc2 22. Bxf7+ Kf8 23. Rxc2 Nb4 24. Rc3 Nd5 25. Ra7 Nxc3 26. Rxb7 Nd5 27. Ng6# 1-0


[Site "https://www.chess.com"]

[Event "Titled Tuesday Blitz July 18 Late 2023"]
[White "Rios Escobar, Adan"]
[Black "Shapiro, Daniel"]
[WhiteFideId "3403645"]
[BlackFideId "2001780"]
[WhiteElo "2413"]
[BlackElo "2359"]
[Result "0-1"]
[Round "11"]
[TimeControl "180+2"]
[Date "2023.07.18"]
[WhiteClock "0:00:07"]
[BlackClock "0:00:08"]
[Board "83"]

1. d4 Nf6 2. g3 d5 3. Nf3 e6 4. c4 c6 5. Bg2 Bb4+ 6. Nbd2 Be7 7. O-O O-O 8. Qc2 b6 9. Rd1 Bb7 10. e4 Nbd7 11. e5 Ne8 12. cxd5 cxd5 13. Qd3 Nc7 14. Ne1 Rc8 15. Ndf3 Nb8 16. h4 h6 17. Bf4 Nc6 18. h5 Na5 19. b3 Re8 20. Nh2 Bg5 21. Qe3 Bxf4 22. Qxf4 Qg5 23. Qxg5 hxg5 24. Ng4 Rf8 25. Nf3 f6 26. h6 f5 27. hxg7 Kxg7 28. Nf6 g4 29. Ng5 Kg6 30. f4 gxf3 31. Nxf3 Nb5 32. Bf1 Nc3 33. Rdc1 Ne4 34. Kg2 Nxf6 35. exf6 Kxf6 36. Ne5 Rg8 37. Kf3 Nc6 38. Nxc6 Rxc6 39. Bb5 Rxc1 40. Rxc1 a6 41. Rc7 axb5 42. Rxb7 Ra8 43. Rxb6 Rxa2 44. Rxb5 Ra1 45. Rb8 Ke7 46. b4 Rb1 47. b5 Kd7 48. Kf4 Rb3 49. g4 fxg4 50. Kxg4 Rb4 51. Kf4 Rxd4+ 52. Ke3 Rb4 53. Kd3 e5 54. b6 Rb3+ 55. Kd2 Rb5 56. Kd3 Kc6 57. Re8 e4+ 58. Kd4 Rxb6 59. Re6+ Kb7 60. Re7+ Kc6 61. Re6+ Kb5 62. Re5 Rd6 63. Rf5 Rd7 64. Rg5 Kc6 65. Rg6+ Rd6 66. Rg8 Kd7 67. Rg7+ Ke6 68. Rg6+ Ke7 69. Rg7+ Kf6 70. Rg8 Kf5 71. Rf8+ Kg4 72. Ke3 Ra6 73. Kd4 Ra5 74. Rf7 Kg5 75. Rf8 Kg6 76. Rf1 Kg5 77. Rf8 Ra3 78. Kxd5 e3 79. Kd4 Kg4 80. Re8 Kf3 81. Rf8+ Ke2 82. Rh8 Kd2 83. Rb8 e2 84. Rb2+ Kd1 85. Rb1+ Kc2 86. Rh1 Kd2 87. Rh2 Ra4+ 88. Kc5 Rf4 89. Kd5 Rf1 90. Ke5 Kd1 91. Kd4 e1=Q 92. Ra2 Qd2+ 93. Kc4 Qxa2+ 94. Kc3 Qa3+ 95. Kd4 Rf4+ 96. Ke5 Qe3+ 97. Kd6 Rd4+ 98. Kc5 Qc3+ 99. Kb5 Rb4+ 100. Ka5 Qa3# 0-1


[Site "https://www.chess.com"]

[Event "Titled Tuesday Blitz July 18 Late 2023"]
[White "Adireddy Arjun"]
[Black "Al Mukhaini, Shima"]
[WhiteFideId "25647709"]
[BlackFideId "22005854"]
[WhiteElo "2358"]
[BlackElo "2407"]
[Result "0-1"]
[Round "11"]
[TimeControl "180+2"]
[Date "2023.07.18"]
[WhiteClock "0:00:05"]
[BlackClock "0:00:30"]
[Board "84"]

1. Nf3 g6 2. g3 b6 3. Bg2 Bb7 4. O-O Bg7 5. d4 f5 6. c4 Nf6 7. Nc3 O-O 8. b3 Ne4 9. Bb2 Nxc3 10. Bxc3 Be4 11. Nh4 Bxg2 12. Nxg2 c5 13. Qd2 Nc6 14. e3 Rc8 15. Rad1 d6 16. d5 Ne5 17. f4 Ng4 18. Rfe1 Nf6 19. Bxf6 exf6 20. e4 fxe4 21. Rxe4 f5 22. Re6 Qd7 23. Rde1 Rce8 24. Qe2 Rxe6 25. dxe6 Qe7 26. Qf3 Bd4+ 27. Kh1 Kg7 28. Qd5 Re8 29. Nh4 a6 30. Nf3 Bf6 31. Qc6 Rb8 32. Rd1 Qxe6 33. Qc7+ Kh6 34. Qxb8 Qe2 35. Qf8+ Bg7 36. Qxd6 Qxf3+ 37. Kg1 Bd4+ 38. Rxd4 Qe3+ 39. Kg2 cxd4 40. Kh3 Qf3 41. Qxd4 Qf1+ 42. Kh4 Qg2 43. h3 Qe2 44. Qf6 Qh5# 0-1


[Site "https://www.chess.com"]

[Event "Titled Tuesday Blitz July 18 Late 2023"]
[White "kripri"]
[Black "Ai, Evan"]
[BlackFideId "2094770"]
[WhiteElo "2316"]
[BlackElo "2407"]
[Result "1/2-1/2"]
[Round "11"]
[TimeControl "180+2"]
[Date "2023.07.18"]
[WhiteClock "0:00:11"]
[BlackClock "0:00:06"]
[Board "85"]

1. e4 d5 2. exd5 Qxd5 3. Nc3 Qa5 4. d4 c6 5. Bc4 Nf6 6. Ne2 Bf5 7. O-O e6 8. Bf4 Nbd7 9. Qd2 Be7 10. a3 O-O 11. Nd5 Qd8 12. Nxe7+ Qxe7 13. Rfe1 Nb6 14. Ba2 Ne4 15. Qe3 Nd5 16. Bxd5 cxd5 17. f3 Nd6 18. Bxd6 Qxd6 19. c3 a5 20. Ng3 Bg6 21. f4 b5 22. h4 h6 23. Qe5 Qxe5 24. Rxe5 Rab8 25. f5 exf5 26. Nxf5 Bxf5 27. Rxf5 Rfd8 28. Re1 f6 29. Re7 b4 30. axb4 axb4 31. h5 bxc3 32. bxc3 Kf8 33. Rc7 Rbc8 34. Rxc8 Rxc8 35. Rxd5 Rxc3 36. Kf2 Ke7 37. Rf5 Ke6 38. Rf4 Rd3 39. Re4+ Kf5 40. Re7 Rxd4 41. Rxg7 Rg4 42. Rh7 Kg5 43. Rf7 Rf4+ 44. Kg3 Rf5 45. Kh3 Kxh5 46. g4+ Kg6 47. gxf5+ Kxf7 48. Kg4 Kg7 49. Kh5 Kh7 50. Kg4 Kg7 51. Kh5 Kh7 52. Kh4 Kh8 53. Kh5 Kg7 54. Kh4 Kf7 55. Kh5 Kg7 56. Kh4 Kf7 57. Kh5 Kg7 1/2-1/2


[Site "https://www.chess.com"]

[Event "Titled Tuesday Blitz July 18 Late 2023"]
[White "Ilyuchyk, Yana"]
[Black "cedchass2006"]
[WhiteFideId "13508407"]
[WhiteElo "2353"]
[BlackElo "2406"]
[Result "1/2-1/2"]
[Round "11"]
[TimeControl "180+2"]
[Date "2023.07.18"]
[WhiteClock "0:00:21"]
[BlackClock "0:00:33"]
[Board "86"]

1. e4 e5 2. Nf3 Nc6 3. Nc3 Nf6 4. d4 exd4 5. Nxd4 Bb4 6. Nxc6 bxc6 7. Bd3 d5 8. exd5 cxd5 9. O-O O-O 10. h3 h6 11. Qf3 c6 12. Bf4 Bd6 13. Ne2 Bxf4 14. Nxf4 Qd6 15. Rad1 Nd7 16. Qg3 Ne5 17. Nh5 g6 18. Rfe1 Nc4 19. Bxc4 Qxg3 20. Nxg3 dxc4 21. Ne4 Bf5 22. c3 Rfd8 23. f3 Bxe4 24. fxe4 Rab8 25. Rxd8+ Rxd8 26. Re2 Kg7 27. Kf2 Kf6 28. e5+ Ke6 29. Kf3 Rd5 30. Re4 Rb5 31. Rxc4 Rxb2 32. Rxc6+ Kxe5 33. Ra6 Rc2 34. Rxa7 Rxc3+ 35. Kf2 Rc2+ 36. Kg1 Kf4 37. Kh2 f5 38. a4 Ra2 39. a5 g5 40. a6 g4 41. hxg4 fxg4 42. Rf7+ Kg5 43. a7 Kg6 44. Rb7 h5 45. Kg3 Kg5 46. Rg7+ Kf6 47. Rc7 Kg5 48. Rc5+ Kg6 49. Kh4 Rxa7 50. Rxh5 Ra2 51. Rg5+ Kf6 52. Rxg4 Ra1 53. Rb4 Kg6 54. Kg4 Ra6 55. g3 Kh6 56. Kh4 Kg6 57. g4 Kh6 58. Rb5 Kg6 59. Rh5 Ra1 60. Rb5 Rh1+ 61. Kg3 Rg1+ 62. Kf3 Rf1+ 63. Kg2 Ra1 64. Rc5 Ra4 65. Kg3 Ra3+ 66. Kh4 Ra1 67. Rc6+ Kg7 68. Kh5 Rh1+ 69. Kg5 Ra1 70. Rc7+ Kg8 71. Kh5 Ra5+ 72. g5 Ra6 73. Rd7 Rb6 74. Kg4 Ra6 75. Kf5 Rb6 76. Re7 Ra6 77. Re5 Rb6 78. Rc5 Ra6 79. Kg4 Kg7 80. Kh5 Rb6 81. Rc7+ Kg8 82. g6 Rb1 83. Kg5 Rg1+ 84. Kf6 Rf1+ 85. Ke5 Re1+ 86. Kf4 Rf1+ 87. Ke3 Rg1 88. g7 Rg3+ 89. Kf4 Rxg7 90. Rxg7+ Kxg7 1/2-1/2


[Site "https://www.chess.com"]

[Event "Titled Tuesday Blitz July 18 Late 2023"]
[White "Jonkman, Harmen"]
[Black "Miguelitro69"]
[WhiteFideId "1002708"]
[WhiteElo "2404"]
[BlackElo "2288"]
[Result "1-0"]
[Round "11"]
[TimeControl "180+2"]
[Date "2023.07.18"]
[WhiteClock "0:00:14"]
[BlackClock "0:00:00"]
[Board "87"]

1. d4 Nf6 2. Nf3 e6 3. Bf4 d6 4. Nc3 Nbd7 5. e4 g6 6. Qd2 h6 7. h3 Bg7 8. O-O-O Qe7 9. e5 Nd5 10. Nxd5 exd5 11. exd6 Qf6 12. Re1+ Kf8 13. dxc7 Kg8 14. Bb5 Kh7 15. Ne5 Nxe5 16. Bxe5 Qb6 17. Ba4 Be6 18. h4 Rac8 19. h5 Bxe5 20. hxg6+ fxg6 21. Qxh6+ Kg8 22. Qxg6+ Bg7 23. Rxh8+ Kxh8 24. Rxe6 Qxc7 25. Re8+ Rxe8 26. Qxe8+ Kh7 27. Qh5+ Bh6+ 28. Kb1 Qc4 29. Qf5+ Kh8 30. Qf6+ Bg7 31. Qd8+ Kh7 32. Qh4+ Kg8 33. Qd8+ Kh7 34. Qh4+ Kg8 35. b3 Qxd4 36. Qxd4 Bxd4 37. f3 Kf7 38. Kc1 Bc3 39. Kd1 Ke7 40. Ke2 a6 41. Kd3 Be5 42. b4 b5 43. Bb3 Kd6 44. c3 Bf4 45. Bc2 Ke5 46. Bd1 Bg3 47. Be2 Be1 48. Bd1 Bf2 49. Bb3 Bg3 50. Ke2 Bf4 51. g4 Bg5 52. Kd3 Bf4 53. a4 Bg5 54. Ke2 Bf4 55. axb5 axb5 56. Bc2 d4 57. Kd3 1-0


[Site "https://www.chess.com"]

[Event "Titled Tuesday Blitz July 18 Late 2023"]
[White "Garmendiarov"]
[Black "Jorajuria Mendoza, Algol"]
[BlackFideId "5128897"]
[WhiteElo "2304"]
[BlackElo "2403"]
[Result "0-1"]
[Round "11"]
[TimeControl "180+2"]
[Date "2023.07.18"]
[WhiteClock "0:00:04"]
[BlackClock "0:00:09"]
[Board "88"]

1. e4 c5 2. Nf3 Nc6 3. Bb5 g6 4. Bxc6 dxc6 5. d3 Bg7 6. h3 Qc7 7. Nc3 h6 8. Be3 b6 9. Qd2 Nf6 10. O-O g5 11. a4 a5 12. Nh2 g4 13. Nxg4 Bxg4 14. hxg4 Nxg4 15. Bf4 Be5 16. Ne2 h5 17. f3 Nf6 18. b3 h4 19. Bxe5 Qxe5 20. Qf4 Qe6 21. Rae1 O-O-O 22. Qf5 Qxf5 23. exf5 Nd5 24. Kf2 Rh5 25. Rh1 Rdh8 26. c4 Nb4 27. Nf4 Rxf5 28. Re4 e5 29. Nh3 Nxd3+ 30. Ke3 Nb4 31. Nf2 Rfh5 32. g3 hxg3 33. Rxh5 Rxh5 34. Ng4 g2 35. Kf2 f5 36. Rxe5 Nd3+ 37. Kxg2 Nxe5 38. Nxe5 Kc7 39. f4 Rh7 40. Kf3 Rh3+ 41. Ke2 Rxb3 42. Ng6 Rb4 43. Ne7 Rxc4 44. Ke3 Re4+ 45. Kf3 Rxe7 46. Kg3 c4 47. Kf3 c3 0-1


[Site "https://www.chess.com"]

[Event "Titled Tuesday Blitz July 18 Late 2023"]
[White "UgarteCesar"]
[Black "Rietze, Clemens, Dr."]
[BlackFideId "24620351"]
[WhiteElo "2256"]
[BlackElo "2403"]
[Result "0-1"]
[Round "11"]
[TimeControl "180+2"]
[Date "2023.07.18"]
[WhiteClock "0:00:50"]
[BlackClock "0:00:19"]
[Board "89"]

1. d4 Nf6 2. Bf4 g6 3. e3 Bg7 4. h3 O-O 5. Nf3 d6 6. Be2 Nc6 7. O-O Nd7 8. c3 e5 9. dxe5 dxe5 10. Bh2 f5 11. Na3 h6 12. Nc4 Qe7 13. Qd5+ Kh7 14. Rfd1 Nf6 15. Qb5 a6 16. Qb3 Ne4 17. Qa3 Nc5 18. b4 Ne4 19. Qb2 b5 20. Ncd2 Nd6 21. Qc2 Bb7 22. a3 e4 23. Nd4 Ne5 24. Bxe5 Bxe5 25. c4 Bxd4 26. exd4 e3 27. Bf3 exd2 28. c5 Ne4 29. Bxe4 Bxe4 30. Qxd2 Bd5 31. a4 c6 32. axb5 axb5 33. Re1 Qf6 34. Qf4 Rxa1 35. Rxa1 g5 36. Ra7+ Rf7 37. Qb8 Rxa7 38. Qxa7+ Qf7 39. Qb8 Kg6 40. Qe5 Qe6 41. Qh8 Qe1+ 42. Kh2 Qe7 43. Qb8 g4 44. hxg4 fxg4 45. Kg3 h5 46. f4 gxf3 47. gxf3 Qg5+ 48. Kf2 Qh4+ 49. Ke3 Qe7+ 50. Kf2 Qf6 51. Qg3+ Kh6 52. Ke3 Qg5+ 53. Qxg5+ Kxg5 0-1


[Site "https://www.chess.com"]

[Event "Titled Tuesday Blitz July 18 Late 2023"]
[White "Schachpanda_Youtube"]
[Black "Stachanczyk, Jacek"]
[BlackFideId "1116657"]
[WhiteElo "2233"]
[BlackElo "2402"]
[Result "1-0"]
[Round "11"]
[TimeControl "180+2"]
[Date "2023.07.18"]
[WhiteClock "0:01:16"]
[BlackClock "0:00:38"]
[Board "90"]

1. e4 c5 2. d4 cxd4 3. c3 dxc3 4. Nxc3 Nc6 5. Nf3 d6 6. Bc4 a6 7. O-O Nf6 8. Qe2 Bg4 9. Be3 e6 10. Bb3 Ne5 11. Rfd1 Bxf3 12. gxf3 Be7 13. f4 Ng6 14. e5 Nd7 15. exd6 Bf6 16. f5 Nh4 17. fxe6 fxe6 18. Bxe6 Kf8 19. Nd5 Rc8 20. Rac1 Rxc1 21. Rxc1 Qe8 22. Bf4 Qg6+ 23. Qg4 Qxg4+ 24. Bxg4 1-0


[Site "https://www.chess.com"]